[Event "Prague Festival-Masters 2022"]
[Site "Prague"]
[Date "2022.06.16"]
[Round "8.2"]
[White "Navara, David"]
[Black "Shankland, Sam"]
[Result "1/2-1/2"]
[ECO "D41"]
[WhiteElo "2682"]
[BlackElo "2718"]
[Annotator "TA"]
[PlyCount "62"]
[EventDate "2022.06.07"]
[EventType "tourn"]
[EventCountry "CZE"]
[SourceTitle "playchess.com"]
[Source "ChessBase"]
[SourceQuality "1"]
[TimeControl "40/5400+30:1800+30"]

1. d4 d5 2. c4 e6 3. Nf3 Nf6 4. Nc3 c5 5. cxd5 Nxd5 6. e4 Nxc3 7. bxc3 cxd4 8. cxd4 Bb4+ 9. Bd2 Bxd2+ 10. Qxd2 O-O 11. Bc4 Nd7 12. O-O b6 13. Rad1 Bb7 14. Rfe1 {[%emt 0:00:04] The position is equal.} Rc8 {[%emt 0:00:07] D41: Queen's Gambit Declined: Semi-Tarrasch with 5 cxd5.} 15. Bb3 h6 16. h4 Nf6 17. d5 exd5 {[%emt 0:00:08] [#]} 18. e5 $146 ({Predecessor:} 18. exd5 Re8 19. Rxe8+ Qxe8 20. Nd4 Rd8 21. Nf5 Qe5 22. Qd3 Qe4 23. Qxe4 Nxe4 24. Re1 {0-1 (47) Razin,V (2428)-Grigoriants,S (2546) Tornelo INT 2020}) 18... Ne4 19. Qf4 {[%emt 0:00:15] [#] And now Rxe4 would win.} Nc5 20. Nd4 Ne6 21. Qg3 Nxd4 22. Rxd4 Qc7 23. Rg4 f6 24. exf6 (24. Rg6 {keeps more tension.} fxe5 25. Rxh6 e4 26. Rd6) 24... Qxg3 25. Rxg3 Rxf6 26. Re7 Rf7 27. Rxb7 {[%emt 0:00:11][%mdl 64] [#] Remove Defender, Decoy} Rxb7 28. Bxd5+ Rf7 $1 29. Rf3 {[%emt 0:00:14][%mdl 64] Pin} Rcc7 30. h5 {[%emt 0:00:48] aiming for Kf1.} Kf8 31. Bxf7 Rxf7 {[%emt 0:00:05] An even fight not without its subleties.  Weighted Error Value: White=0.03 (flawless) /Black=0.01 (flawless)} 1/2-1/2

[Event "Prague Festival-Masters 2022"]
[Site "Prague"]
[Date "2022.06.16"]
[Round "8.3"]
[White "Salem, A.R. Saleh"]
[Black "Harikrishna, Pentala"]
[Result "0-1"]
[ECO "D11"]
[WhiteElo "2690"]
[BlackElo "2705"]
[Annotator "TA"]
[PlyCount "48"]
[EventDate "2022.06.07"]
[EventType "tourn"]
[EventCountry "CZE"]
[SourceTitle "playchess.com"]
[Source "ChessBase"]
[SourceQuality "1"]
[TimeControl "40/5400+30:1800+30"]

1. d4 d5 2. c4 c6 3. Nf3 Nf6 4. g3 Bf5 5. Nc3 e6 6. Nh4 {[%emt 0:00:43] D11: Slav Defence: 3 Nf3 sidelines and 3...Nf6 4 e3 Bg4.} Be4 7. f3 Bg6 8. Qb3 {[%emt 0:00:33] White is slightly better.} Qb6 9. c5 {[%emt 0:00:17] outshines the older 9.Nxg6.} Qxb3 10. axb3 Na6 11. Bf4 Nd7 12. e4 Nb4 {[%emt 0:09:37] [#] Strongly threatening ...Nc2+.} 13. Ra4 {[%emt 0:03:31] [#]} ({Of course not} 13. Nxg6 hxg6 14. Ra4 a5 $11) 13... a5 $146 ({Predecessor:} 13... Nc2+ 14. Kd1 Nxd4 15. Rxd4 e5 16. Nxg6 hxg6 17. Bxe5 Nxe5 18. exd5 O-O-O 19. d6 Nxf3 {0-1 (73) Samunenkov,I (2371)-Bryakin,M (2480) Novi Sad 2022}) 14. exd5 exd5 15. Kd2 ({Reject} 15. Nxg6 hxg6 16. Na2 Nxa2 17. Rxa2 Be7 $11) 15... Be7 16. Bh3 {[%emt 0:02:29] Threatens to win with Rha1.} b5 17. Re1 $2 Nxc5 18. dxc5 bxa4 $19 19. Nxa4 {[%emt 0:01:06] Black must now prevent Nb6.} Ra7 20. Nb6 {[%emt 0:01:25] aiming for Nc8.} Nd3 21. Rxe7+ (21. Nxg6 $142 Nxe1 22. Nxh8 Nxf3+ 23. Kd1) 21... Rxe7 {[%emt 0:01:11] The board is on fire. Black is winning.} (21... Kxe7 22. Nxg6+ hxg6 23. Kxd3 $17) 22. Bd6 {[%emt 0:00:02] [#]} Nb4 $1 23. Ng2 (23. Bxe7 Kxe7) 23... Kd8 24. Nf4 Rhe8 {[%emt 0:00:18] Weighted Error Value: White=0.44/Black=0.08 (flawless)} 0-1

[Event "Prague Festival-Masters 2022"]
[Site "Prague"]
[Date "2022.06.16"]
[Round "8.4"]
[White "Anton Guijarro, David"]
[Black "Maghsoodloo, Parham"]
[Result "1/2-1/2"]
[ECO "E21"]
[WhiteElo "2691"]
[BlackElo "2699"]
[Annotator "TA"]
[PlyCount "37"]
[EventDate "2022.06.07"]
[EventType "tourn"]
[EventCountry "CZE"]
[SourceTitle "playchess.com"]
[Source "ChessBase"]
[SourceQuality "1"]
[TimeControl "40/5400+30:1800+30"]

1. d4 Nf6 2. c4 e6 3. Nc3 Bb4 4. e3 O-O 5. Bd2 b6 6. Nf3 {[%emt 0:01:36] The position is equal.} c5 {[%emt 0:00:45] E21: Nimzo-Indian: 4 Nf3.} 7. Bd3 cxd4 8. exd4 Ba6 9. Bg5 {[%emt 0:24:23] [#]} d5 $146 ({Predecessor:} 9... h6 10. Bxf6 Qxf6 11. O-O Bxc3 12. bxc3 Nc6 13. Re1 Rfe8 14. Qa4 Bb7 15. Rab1 Ne7 {0-1 (27) Gelet,S (2082)-Sambuev,B (2597) Trois Rivieres 2014}) 10. Ne5 Nbd7 11. Nxd7 Qxd7 12. Bxf6 gxf6 ({Much less strong is} 12... Bxc3+ 13. bxc3 gxf6 14. Qg4+ (14. Qh5 f5 $14) 14... Kh8 15. Qh4 $14) 13. Qg4+ Kh8 14. Qh4 {[%emt 0:00:29][%csl Gd3,LRf6,LRh7][%cal Rh4h7] [#]} f5 {[%emt 0:00:04] Strongly threatening ...Be7.} 15. Qf6+ Kg8 16. Qg5+ Kh8 {[%emt 0:00:04] aiming for ...Be7.} 17. Qf6+ Kg8 18. Qg5+ Kh8 {[%emt 0:00:03] ...Be7 is the strong threat.} 19. Qf6+ {[%emt 0:00:05] A balanced but interesting game.  Weighted Error Value: White=0.01 (flawless) /Black=0.01 (flawless)} 1/2-1/2

[Event "Prague Festival-Masters 2022"]
[Site "Prague"]
[Date "2022.06.16"]
[Round "8.5"]
[White "Nguyen, Thai Dai Van"]
[Black "Vallejo Pons, Francisco"]
[Result "1/2-1/2"]
[ECO "D02"]
[WhiteElo "2612"]
[BlackElo "2704"]
[Annotator "TA"]
[PlyCount "61"]
[EventDate "2022.06.07"]
[EventType "tourn"]
[EventCountry "CZE"]
[SourceTitle "playchess.com"]
[Source "ChessBase"]
[SourceQuality "1"]
[TimeControl "40/5400+30:1800+30"]

1. Nf3 d5 2. g3 Nd7 3. d4 e6 4. Bg2 Ngf6 5. O-O b5 6. a4 b4 7. c4 {[%emt 0:00:17] D02: 1 d4 d5 2 Nf3 sidelines, including 2...Nf6 3 g3 and 2...Nf6 3 Bf4.} bxc3 8. Nxc3 {[%emt 0:00:06] 8.Nxc3 is better than 8.bxc3.} a5 $5 {[%emt 0:02:04][%mdl 4] Exploring less charted territory.} 9. Bf4 {[%emt 0:06:42] [#] And now Nb5 would win. White is slightly better.} c6 {[%emt 0:01:09] [#] Inhibits Nb5.} 10. e4 $146 ({Predecessor:} 10. Qc2 Ba6 11. Rfd1 Be7 12. e4 O-O 13. exd5 Nxd5 14. Ne5 Nxe5 15. Bxe5 Qd7 16. Ne4 {½-½ (41) Malakhov,V (2654)-Prusikin,M (2510) Germany 2018}) 10... Ba6 11. Re1 Bb4 12. e5 Ng8 13. h4 Ne7 14. h5 h6 15. g4 c5 16. Bf1 cxd4 (16... g6 {seems wilder.} 17. Bxa6 Rxa6 18. Qe2 Rc6) 17. Nxd4 Bxf1 18. Rxf1 Bxc3 19. bxc3 Rc8 20. Qe2 ({White should try} 20. Nb5 $15) 20... Rc4 $17 ({Of course not} 20... Rxc3 $6 21. Nb5 d4 22. Nd6+ (22. Nxc3 dxc3 23. Bc1 O-O $11) 22... Kf8 23. Rad1 $14) 21. Rfd1 Nc5 ({Better is} 21... Nc6 $17 22. Rac1 Nxd4 23. Rxd4 Nb6) 22. Be3 $1 $11 O-O $1 (22... Rxc3 $2 23. Nb5 Ne4 24. f3 $18 (24. Nxc3 Nxc3 25. Qa6 Nxd1 $11)) 23. Nb5 $1 {[%emt 0:00:36] [#] aiming for Qxc4.} Ne4 (23... Nd7 $15) 24. Qxc4 $1 {[%emt 0:03:54] The position is equal.} dxc4 25. Rxd8 Rxd8 26. Bb6 Rd2 {[%emt 0:00:57] Strongly threatening ...Nd5.} 27. Nd6 Nxd6 28. exd6 Nc6 29. Bc7 Kf8 $1 30. Rb1 {[%emt 0:00:05] Threatens to win with Rb6.} Ke8 $1 31. Rb6 {[%emt 0:00:13] Weighted Error Value: White=0.07 (flawless) /Black=0.08 (flawless)} 1/2-1/2

[Event "Prague Festival-Masters 2022"]
[Site "Prague"]
[Date "2022.06.17"]
[Round "9.1"]
[White "Harikrishna, Pentala"]
[Black "Anton Guijarro, David"]
[Result "1-0"]
[ECO "A29"]
[WhiteElo "2705"]
[BlackElo "2691"]
[Annotator "TA"]
[PlyCount "101"]
[EventDate "2022.06.07"]
[EventType "tourn"]
[EventCountry "CZE"]
[SourceTitle "playchess.com"]
[Source "ChessBase"]
[SourceQuality "1"]
[TimeControl "40/5400+30:1800+30"]

1. c4 Nf6 2. Nc3 e5 3. Nf3 Nc6 4. g3 Bb4 5. Nd5 Bc5 6. Bg2 d6 7. O-O O-O 8. e3 Bb6 {[%emt 0:05:40] A29: English Opening: Four Knights Variation with 4 g3.} 9. d4 Bg4 {[%emt 0:02:26] White must now prevent ...e4.} 10. h3 Bxf3 {[%emt 0:00:51] The position is equal.} 11. Bxf3 exd4 12. Nxb6 axb6 13. exd4 d5 14. c5 bxc5 15. dxc5 {[%emt 0:00:06] [#]} h6 $146 ({Predecessor:} 15... Qe7 16. Bf4 Rfe8 17. a3 Qxc5 18. Bxc7 Nd4 19. Rc1 Nxf3+ 20. Qxf3 Qb5 21. b4 Qa6 {½-½ (33) Edouard,R (2611)-Guliyev,N (2538) Chartres 2021}) 16. b3 Re8 17. Bb2 Ne4 18. Re1 Qg5 19. a3 Rad8 20. b4 Ne5 $40 {[%emt 0:12:41][%mdl 128] Black mounts an attack.} 21. Bxe5 Qxe5 22. Bg2 f5 23. f3 Qxg3 {[%emt 0:01:09] Strongly threatening ...Nc3.} 24. fxe4 dxe4 25. Qc2 Rd3 26. Qf2 Qg5 27. h4 (27. Rf1 $11 Re5 28. Qf4 Qxf4 29. Rxf4) 27... Qg4 $15 28. Re3 (28. Kf1 $15) 28... Rxe3 $1 $19 29. Qxe3 Qxh4 $2 ({Black should play} 29... f4 $19 30. Qh3 Qg6) 30. Rf1 $11 Re5 31. a4 c6 32. b5 $1 Qe7 (32... cxb5 $11 33. axb5 Qf6) 33. bxc6 $16 {[%emt 0:03:33] White is more active.} bxc6 34. Bh3 g6 35. Qxh6 Kf7 36. Rb1 (36. Rc1 $1 $16) 36... e3 $2 (36... Qxc5+ $14 37. Kh1 Qf8) 37. Qh7+ $18 Kf6 38. Qh4+ Kf7 39. Qxe7+ Kxe7 {[%emt 0:01:35][%mdl 4096] Endgame [#] KRB-KR} (39... Rxe7 $142 40. Bg2 Ke6 41. Bxc6 Rc7) 40. a5 $1 {[%emt 0:00:00][%cal Ba4a5,Ba5a6][%mdl 32] Threatens to win with a6.} Rxc5 41. Ra1 {[%emt 0:00:32] And now a6 would win.} Re5 42. a6 {[%emt 0:09:07] a7 would kill now.} e2 43. Kf2 Kd6 {[%emt 0:00:21] [#]} 44. Ke1 $1 {[%emt 0:00:39] White threatens a7 and mate.} Re8 45. Bg2 {[%emt 0:00:10] aiming for a7.} ({Not} 45. a7 Ra8 $14) 45... Ra8 46. Bf3 ({Less strong is} 46. a7 Kc5 $14) 46... Kc7 47. Bxe2 g5 48. Kf2 Kb6 $2 (48... Rd8 49. Kg3 Kb8 50. Rb1+ Ka8) 49. Bd3 {[%emt 0:03:44] White is clearly winning.} f4 50. Kf3 Ka7 51. Rb1 {[%emt 0:02:36] What a bad dream for Black.  Weighted Error Value: White=0.08 (flawless) /Black=0.40} 1-0

[Event "Prague Festival-Masters 2022"]
[Site "Prague"]
[Date "2022.06.17"]
[Round "9.2"]
[White "Shankland, Sam"]
[Black "Nguyen, Thai Dai Van"]
[Result "1/2-1/2"]
[ECO "D33"]
[WhiteElo "2718"]
[BlackElo "2612"]
[Annotator "TA"]
[PlyCount "96"]
[EventDate "2022.06.07"]
[EventType "tourn"]
[EventCountry "CZE"]
[SourceTitle "playchess.com"]
[Source "ChessBase"]
[SourceQuality "1"]
[TimeControl "40/5400+30:1800+30"]

1. c4 Nf6 2. Nc3 c5 3. Nf3 e6 4. g3 d5 5. cxd5 exd5 6. d4 Nc6 7. Bg2 cxd4 {[%emt 0:00:07] is now debated instead of 7...Be7.} 8. Nxd4 Bc5 9. Nb3 Bb6 {[%emt 0:00:06] D33: Tarrasch Defence: 6 g3 sidelines.} 10. Na4 ({Of course not} 10. Bxd5 Nb4 11. Bf3 Qxd1+ 12. Kxd1 O-O $11) 10... O-O 11. Nxb6 axb6 {[%emt 0:00:07] White is slightly better.} 12. Nd4 Re8 {[%emt 0:02:50][%cal Ob6b5] [#]} 13. b3 $146 ({Predecessor:} 13. O-O Nxd4 14. Qxd4 Rxe2 15. Be3 Rc2 16. Rfc1 Rxc1+ 17. Rxc1 Bd7 18. Qxb6 Qxb6 19. Bxb6 Rxa2 {½-½ (31) Giri,A (2777)-Carlsen,M (2855) chess24.com INT 2021}) 13... b5 14. Bb2 Qa5+ 15. Qd2 Qxd2+ 16. Kxd2 Nxd4 17. Bxd4 {[%emt 0:00:02] This bishop pair is nice.} Ne4+ 18. Kd1 (18. Bxe4 $5 dxe4 19. Rhc1 $14) 18... b4 19. Bxe4 dxe4 20. Kd2 Re6 21. Ke3 Rea6 22. Rhd1 Bf5 23. Rd2 h6 24. h4 h5 25. Rb2 Ra5 26. Bb6 Rb5 27. Bc7 Rc8 28. Rc1 f6 29. Rd2 Kf7 30. Rd8 Rxd8 31. Bxd8 $11 {[%emt 0:00:01][%mdl 4096] Endgame KRB-KRB} Bd7 $1 32. Bc7 ({Much worse is} 32. Kxe4 Bc6+ 33. Kf4 Re5 $15) 32... Bc6 $1 33. Bd6 Ke6 34. Bc5 g6 35. Kd4 Ra5 36. Rc2 ({But not} 36. Bxb4 Rxa2 37. Re1 Bd5 $15) 36... Rb5 37. Kc4 g5 38. Rd2 gxh4 39. gxh4 Kf5 $1 40. Bxb4 Re5 41. e3 Bb5+ 42. Kc3 Kg4 $1 43. Bd6 Re6 44. Bg3 Bd3 45. a4 Rc6+ 46. Kd4 Bc2 {[%emt 0:01:20] The position is equal.} 47. a5 Kf5 48. Re2 Bxb3 {[%emt 0:04:14] Weighted Error Value: White=0.05 (flawless) /Black=0.04 (flawless)} 1/2-1/2

[Event "Prague Festival-Masters 2022"]
[Site "Prague"]
[Date "2022.06.17"]
[Round "9.3"]
[White "Vallejo Pons, Francisco"]
[Black "Le, Quang Liem"]
[Result "1/2-1/2"]
[ECO "C77"]
[WhiteElo "2704"]
[BlackElo "2709"]
[Annotator "TA"]
[PlyCount "72"]
[EventDate "2022.06.07"]
[EventType "tourn"]
[EventCountry "CZE"]
[SourceTitle "playchess.com"]
[Source "ChessBase"]
[SourceQuality "1"]
[TimeControl "40/5400+30:1800+30"]

1. e4 e5 2. Nf3 Nc6 3. Bb5 a6 4. Ba4 Nf6 5. Nc3 Bc5 6. O-O O-O {[%emt 0:01:55] C77: Ruy Lopez: 3...a6 4 Ba4 Nf6, unusual lines.} 7. Bxc6 dxc6 8. d3 Nd7 9. Be3 Re8 10. h3 Bd6 11. Nd2 Nf8 12. Nc4 Ng6 {[%emt 0:00:37] [#]} 13. d4 $146 ({Predecessor:} 13. a4 Be6 14. Nxd6 cxd6 15. a5 d5 16. Na4 Qh4 17. Qf3 Qe7 18. Bb6 Nf4 19. Rfe1 {1-0 (49) Staniszewski,J (2498)-Corbat,P (2412) ICCF email 2010}) 13... b5 14. Nxd6 cxd6 15. dxe5 Nxe5 16. b3 f5 17. exf5 Bxf5 18. Ne2 Nf7 19. Ng3 Bd7 20. Bd4 Qg5 21. Qd3 c5 22. Bb2 Qg6 23. Rfd1 Bc6 24. Qxg6 (24. Re1 {is interesting.} a5 25. Qf5 Nh6 26. Qxg6 hxg6 27. f3) 24... hxg6 25. Nf1 a5 26. Ne3 a4 27. a3 Re4 28. Rd3 axb3 29. cxb3 b4 30. f3 bxa3 31. Rxa3 Rxa3 32. Bxa3 Ne5 33. Rc3 Rf4 34. Bxc5 dxc5 {[%emt 0:00:11] The position is equal.} 35. Rxc5 Nxf3+ 36. gxf3 Rxf3 {[%emt 0:00:23] A balanced but interesting game.  Weighted Error Value: White=0.04 (flawless) /Black=0.03 (flawless)} 1/2-1/2

[Event "Prague Festival-Masters 2022"]
[Site "Prague"]
[Date "2022.06.17"]
[Round "9.4"]
[White "Vidit, Santosh Gujrathi"]
[Black "Salem, A.R. Saleh"]
[Result "1/2-1/2"]
[ECO "E11"]
[WhiteElo "2723"]
[BlackElo "2690"]
[Annotator "TA"]
[PlyCount "75"]
[EventDate "2022.06.07"]
[EventType "tourn"]
[EventCountry "CZE"]
[SourceTitle "playchess.com"]
[Source "ChessBase"]
[SourceQuality "1"]
[TimeControl "40/5400+30:1800+30"]

1. Nf3 d5 2. d4 Nf6 3. c4 e6 4. g3 Bb4+ 5. Bd2 a5 6. Bg2 O-O 7. Qc2 c5 {[%emt 0:00:06] E11: Bogo-Indian.} 8. cxd5 {[%emt 0:06:17] The main line 8.cxd5 scores better than 8.dxc5.} cxd4 9. Nxd4 Qb6 {[%emt 0:00:11] White is slightly better.} 10. e3 exd5 11. a3 Bxd2+ 12. Nxd2 (12. Kxd2 Nc6 13. Nxc6 bxc6 $17) 12... Nc6 13. N2f3 Bg4 14. O-O {[%emt 0:00:09] [#]} Nxd4 $146 ({Predecessor:} 14... Rac8 15. Qd3 Ne4 16. Rab1 Bh5 17. Bh3 Nxd4 18. Nxd4 Rc5 19. b4 Rc3 20. Qb5 Qxb5 21. Nxb5 {½-½ (28) Wojtaszek,R (2717)-Huschenbeth,N (2605) Warsaw 2020}) 15. Nxd4 Rfc8 16. Qb3 Qxb3 17. Nxb3 Rc2 18. Rab1 b6 19. Nd4 Rc5 20. h3 Bd7 21. Rfd1 h5 22. Ne2 Bf5 23. Ra1 Re8 24. Nc3 Ne4 25. Nxd5 Rc2 26. g4 (26. Nxb6 Nxf2 27. Rdc1 Re2 $15) 26... hxg4 27. hxg4 Bg6 28. f4 {[%emt 0:00:00] [#] aiming for f5.} Nf2 (28... Rxb2 $2 29. f5 $18) 29. Rdc1 {[%emt 0:00:00] Rxc2 is the strong threat.} Nxg4 30. Rxc2 Bxc2 31. Rc1 Bb3 32. e4 Rd8 33. Rc6 Nf6 (33... Bxd5 $11 34. exd5 Ne3) 34. Rc8 Rxc8 $11 {[%emt 0:00:00] The position is equal.} 35. Ne7+ Kf8 36. Nxc8 Nh5 37. f5 Nf4 38. Nxb6 {[%emt 0:06:30] Weighted Error Value: White=0.08 (flawless) /Black=0.07 (flawless)} 1/2-1/2

[Event "Prague Festival-Masters 2022"]
[Site "Prague"]
[Date "2022.06.17"]
[Round "9.5"]
[White "Maghsoodloo, Parham"]
[Black "Navara, David"]
[Result "1/2-1/2"]
[ECO "C67"]
[WhiteElo "2699"]
[BlackElo "2682"]
[Annotator "TA"]
[PlyCount "81"]
[EventDate "2022.06.07"]
[EventType "tourn"]
[EventCountry "CZE"]
[SourceTitle "playchess.com"]
[Source "ChessBase"]
[SourceQuality "1"]
[TimeControl "40/5400+30:1800+30"]

1. e4 e5 2. Nf3 Nc6 3. Bb5 Nf6 4. O-O Nxe4 5. Re1 Nd6 6. Nxe5 Be7 7. Bf1 Nxe5 8. Rxe5 O-O 9. Nc3 {[%emt 0:00:03] C67: Ruy Lopez: Berlin Defence: 4 0-0 Nxe4.} Bf6 10. Re1 Re8 11. Nd5 Rxe1 12. Qxe1 b6 13. c3 Bb7 14. Nxf6+ Qxf6 ({Much less strong is} 14... gxf6 15. d4 $16) 15. d3 Re8 16. Qd1 {[%emt 0:00:06] [#]} h6 $146 ({Predecessor:} 16... a5 17. Qg4 Nf5 18. Qg5 Qxg5 19. Bxg5 f6 20. Bd2 Kf7 21. Re1 Rxe1 22. Bxe1 Ba6 23. f3 h5 {½-½ (41) Fier,A (2573)-Kamsky,G (2676) Bastia 2017}) 17. Bd2 Qh4 18. h3 Re6 {[%emt 0:04:54] [#] Hoping for ...Rg6.} 19. Qg4 Qxg4 20. hxg4 Rg6 21. f3 f5 22. Be2 fxg4 23. fxg4 Nf7 24. a4 Re6 25. Bf1 g5 26. a5 Ne5 27. axb6 Rxb6 ({Don't play} 27... axb6 28. Ra7 Bc6 29. d4 Nxg4 30. c4 $16) 28. b4 Ra6 29. Rxa6 Bxa6 $11 {[%emt 0:00:09][%mdl 4096] Endgame KBB-KBN} 30. c4 Nxg4 31. Be2 Ne5 32. b5 {[%emt 0:07:38][%mdl 1024] White has compensation.} (32. Bc3 $5 Ng6 33. Bd4 $14) 32... Bb7 {[%emt 0:10:04] The position is equal.} 33. Ba5 c6 34. Bc7 Ng6 35. Bg4 cxb5 36. cxb5 Nf8 37. Bd6 Ne6 38. Kf2 Kf7 39. g3 Kg6 40. Ke3 h5 41. Bxe6 {[%emt 0:13:07] Weighted Error Value: White=0.03 (flawless) /Black=0.02 (flawless)} (41. Bd1 $11) 1/2-1/2